 Dungeon Crawl Stone Soup version 0.30-a0-578-gdee14c521f (webtiles) character file.

Game seed: 18392346077095835233

4682 drugrobin the Spear-Bearer (level 10, -4/74 HPs)
             Began as a Demigod Delver on Dec 31, 2022.
             Succumbed to a hornet's poison
             ... on level 8 of the Dungeon on Jan 1, 2023.
             The game lasted 00:25:12 (9640 turns).

drugrobin the Spear-Bearer (Demigod Delver)         Turns: 9640, Time: 00:25:13

Health: -4/74      AC:  9    Str: 25    XL:     10   Next: 1%
Magic:  13/13      EV: 12    Int: 12    God:
Gold:   436        SH:  0    Dex: 15    Spells: 2/9 levels left

rFire   + . .      SeeInvis .    a - +0 halberd (elec)
rCold   + . .      Faith    .    (shield currently unavailable)
rNeg    . . .      Spirit   .    H - +1 robe {rC+ rF+}
rPois   .          Reflect  .    n - +0 helmet
rElec   .          Harm     .    (no cloak)
rCorr   .          Rampage  .    f - +0 pair of gloves
Will    +....                    (no boots)
Stlth   +++                      (no amulet)
HPRegen 0.32/turn                E - +4 ring of protection
MPRegen 0.13/turn                (no ring)

@: mighty, lethally poisoned (-4 -> -30), slowed, very slow
A: high MP 1, forlorn, divine attributes
a: no special abilities


You were on level 8 of the Dungeon.
You visited 1 branch of the dungeon, and saw 8 of its levels.
You also visited: Sewer.

You collected 436 gold pieces.

Inventory:

Hand Weapons
 a - a +0 halberd of electrocution (weapon)
 b - a +0 sling of flaming
 B - a +2 dagger of electrocution
 F - a +0 spear
 J - a +2 battleaxe of flaming
 K - a +0 trident
Missiles
 i - 31 stones (quivered)
 k - 8 poisoned darts
Armour
 f - a +0 pair of gloves (worn)
 h - a +0 chain mail
 n - a +0 helmet (worn)
 r - +0 acid dragon scales
 u - a +0 scale mail
 D - a +0 leather armour
 H - a +1 robe of resistance (worn)
Magical Staves
 I - a staff of air
Jewellery
 d - a ring of fire
 E - a +4 ring of protection (left hand)
Wands
 g - a wand of digging (1)
Scrolls
 c - a scroll of fog
 e - 3 scrolls of immolation
 j - 8 scrolls of identify
 l - 3 scrolls of magic mapping
 s - 5 scrolls of teleportation {unknown}
 t - a scroll of brand weapon
 v - a scroll of poison
 w - 3 scrolls of butterflies {unknown}
 y - 2 scrolls of enchant weapon
 M - a scroll of amnesia {unknown}
Potions
 m - 3 potions of resistance {unknown}
 o - 4 potions of flight
 p - 4 potions of might
 q - 2 potions of magic {unknown}
 x - a potion of cancellation {unknown}
 z - a potion of mutation {unknown}
 A - 4 potions of lignification {unknown}
 C - 3 potions of attraction {unknown}
 G - 2 potions of curing {unknown}
 L - a potion of berserk rage {unknown}


   Skills:
 - Level 2.6 Fighting
 + Level 10.4 Polearms
 - Level 1.7 Dodging
 - Level 4.5 Stealth
 + Level 9.2 Ice Magic


You had 2 spell levels left.
You knew the following spells:

 Your Spells              Type           Power      Damage    Failure   Level
a - Freeze                Ice            88%        1d9       1%          1
b - Frozen Ramparts       Ice            44%        1d7       2%          3
c - Ozocubu's Armour      Ice            22%        N/A       2%          3

Your spell library contained the following spells:

 Spells                   Type           Power      Damage    Failure   Level
 Magic Dart               Conj           0%         1d3       32%         1
 Searing Ray              Conj           0%         2d4       45%         2
 Sublimation of Blood     Necr           0%         N/A       45%         2
 Hailstorm                Conj/Ice       11%        3d5       16%         3
 Fulminant Prism          Conj/Hex       0%         3d5       97%         4
 Petrify                  Tmut/Erth      0%         N/A       97%         4
 Irradiate                Conj/Tmut      0%         3d11      100%        5
 Ozocubu's Refrigeration  Ice            11%        4d9       100%        7


Dungeon Overview and Level Annotations

Branches:
Dungeon (8/15)             Temple (0/1) D:7           Sewer (visited)
   Lair: D:8-11

Shops:
D:3 (   D:7 [


Innate Abilities, Weirdness & Mutations

You have an increased reservoir of magic. (+10% MP)
You shall have no god before yourself.
Your divine heritage dramatically boosts your attributes as you level up.


Message History

The hornet is moderately wounded.
You feel very sick. The hornet closely misses you.
The hornet completely misses you.
Unknown command.
Unknown command.
Unknown command.
Unknown command.
Unknown command.
You barely miss the hornet.
The hornet is moderately wounded.
You feel sick. The hornet stings you.
* * * LOW HITPOINT WARNING * * *
You feel as though you will be slow longer.
The hornet stings you!
* * * LOW HITPOINT WARNING * * *
You suddenly lose the ability to move!
You can move again.
Unknown command.
Unknown command.
Unknown command.
Unknown command.
Unknown command.
You slash the hornet!
The hornet is heavily wounded.
You feel sick.
The hornet stings you but does no damage.
The hornet stings you.
* * * LOW HITPOINT WARNING * * *
You are lethally poisoned!
You feel as though you will be slow longer.
The hornet stings you.
* * * LOW HITPOINT WARNING * * *
You are more poisoned.
You feel as though you will be slow longer.
Unknown command.
Unknown command.
Unknown command.
You closely miss the hornet.
The hornet is heavily wounded.
You die...

#####
############## #...
.............. ...#
#####..###### #..#
#..# #..######
#..### ####y.......
#....####...@####
#.................#
#....####....######
#####....##......#
....).......#...##
#.#......>..##.#..
#.##...)....##.#.##
#.###[...##.##.#.#
.......)..#.# .#


You could see a hornet.

Vanquished Creatures
  Pikel (D:4)
  Prince Ribbit (D:7)
  A wyvern (D:8)
  6 yaks (D:8)
  An acid dragon (D:7)
  2 water moccasins (D:7)
  3 hornet zombies (D:6)
  2 orc warriors
  An ice beast (D:6)
  A black bear (D:4)
  A centaur (D:8)
  A lemure (D:3)
  3 phantoms (D:6)
  A scorpion (D:7)
  2 bullfrogs (D:7)
  4 water moccasin zombies (D:6)
  4 wights (D:7)
  3 killer bees (D:7)
  2 howler monkeys
  4 bullfrog zombies (D:6)
  2 centaur zombies (D:6)
  2 hounds
  A jelly (D:5)
  A gnoll bouda (D:6)
  An orc priest (D:6)
  3 bullfrog skeletons (D:6)
  7 iguanas
  2 orc wizards (D:6)
  7 gnolls
  11 adders
  4 river rats (Sewer)
  A shadow imp (D:7)
  A worm (D:2)
  3 dart slugs
  17 orcs
  12 bats
  7 endoplasms
  6 giant cockroaches
  5 goblins
  8 hobgoblins
  12 jackals
  3 kobolds
  9 quokkas
  14 ball pythons
  8 frilled lizards
  3 rats
194 creatures vanquished.

Vanquished Creatures (others)
  9 plants
9 creatures vanquished.

Grand Total: 203 creatures vanquished

Notes
Turn   | Place    | Note
-------+----------+-------------------------------------------
     0 | D:5      | drugrobin the Demigod Delver began the quest for the Orb.
     0 | D:5      | Reached XP level 1. HP: 18/18 MP: 3/3
    48 | D:5      | Noticed an iguana
   107 | D:5      | Reached skill level 2 in Polearms
   260 | D:5      | Noticed an ogre
   424 | D:3      | Found Nomesiysch's Antique Weapon Shoppe.
   458 | D:3      | Reached XP level 2. HP: 25/25 MP: 4/4
   496 | D:3      | Found a glowing drain.
   509 | Sewer    | Entered a sewer
   606 | Sewer    | Reached skill level 3 in Polearms
   716 | Sewer    | Reached XP level 3. HP: 28/30 MP: 5/5
   936 | Sewer    | Reached skill level 4 in Polearms
   946 | Sewer    | Reached XP level 4. HP: 21/37 MP: 6/6
  2714 | D:2      | Learned a level 1 spell: Freeze
  3146 | D:2      | Reached XP level 5. HP: 40/42 MP: 7/7
  3150 | D:2      | Learned a level 3 spell: Frozen Ramparts
  3678 | D:3      | Reached skill level 5 in Polearms
  3678 | D:3      | Reached skill level 1 in Ice Magic
  4370 | D:4      | Noticed a black bear
  4773 | D:5      | Reached XP level 6. HP: 50/50 MP: 6/8
  5113 | D:4      | Noticed Pikel
  5458 | D:4      | Killed Pikel
  5459 | D:4      | Reached skill level 6 in Polearms
  5459 | D:4      | Reached XP level 7. HP: 18/56 MP: 9/9
  6432 | D:6      | Reached skill level 7 in Polearms
  6546 | D:6      | Reached skill level 5 in Ice Magic
  6867 | D:6      | Reached XP level 8. HP: 62/62 MP: 10/10
  7085 | D:6      | Reached skill level 8 in Polearms
  7615 | D:6      | Learned a level 3 spell: Ozocubu's Armour
  7849 | D:6      | Reached XP level 9. HP: 56/68 MP: 11/11
  8069 | D:6      | Identified the +2 robe of the Weaver {Harm Int+4 Stlth+}
  8103 | D:7      | Found a staircase to the Ecumenical Temple.
  8295 | D:7      | Reached skill level 9 in Polearms
  8783 | D:7      | Noticed Prince Ribbit
  8803 | D:7      | Killed Prince Ribbit
  8894 | D:7      | Found Zaukhla's Armour Boutique.
  9315 | D:8      | Reached skill level 10 in Polearms
  9453 | D:8      | Reached XP level 10. HP: 54/74 MP: 3/13
  9629 | D:8      | Paralysed by a hornet for 3 turns
  9638 | D:8      | Paralysed by a hornet for 1 turns
  9640 | D:8      | Succumbed to a hornet's poison

Illustrated notes

Levels and vault maps discovered:
D:1:      dpeg_arrival_chambers_temple_mockup, layout_loops_cross,
          serial_forest, infiniplex_forest_clump_medium,
          infiniplex_forest_end_2, infiniplex_forest_end_2,
          infiniplex_forest_clump_long, infiniplex_forest_clump_double,
          infiniplex_forest_clump_cross, minmay_tiny_reverse_x
D:2:      layout_loops_cross, basic_altar, serial_forest,
          infiniplex_forest_lined_3, infiniplex_forest_clump_diagonal,
          infiniplex_forest_clump_cross, infiniplex_forest_lined_corner,
          infiniplex_forest_clump_C, grunt_ministairs_1
D:3:      layout_basic, cheibrodos_sewer_entry_sluice, serial_shops,
          nicolae_shop_window_shopping
D:4:      layout_basic, uniq_pikel
D:5:      layout_loops_ring, nicolae_overflow_two_pavilions
D:6:      layout_basic, mainiacjoe_overflow_concentric_impassable,
          serial_undead, serial_undead_d, serial_undead_d, serial_undead_a,
          serial_undead_a, serial_undead_d, serial_undead_e
D:7:      layout_basic, ashenzari_altar_1, minmay_temple_entry_tees,
          serial_shops, kennysheep_mini_moat, uniq_prince_ribbit1
D:8:      layout_loops_ring, mainiacjoe_overflow_boulevard,
          minmay_lair_entry_grove, hangedman_decor_riveting, uniq_gastronok,
          uniq_erica

Skill      XL: |  1  2  3  4  5  6  7  8  9 |
---------------+----------------------------+-----
Polearms       | 2 3 4 5 6 7 8 10 | 10.4
Ice Magic      | 2 4 5 7 9 |  9.2
Fighting       | |  2.6
Dodging        | |  1.7
Stealth        | |  4.5

Action                   |  1- 3 |  4- 6 |  7- 9 | 10-12 || total
-------------------------+-------+-------+-------+-------++-------
Melee: Spear             |   183 |   276 |    67 |       ||   526
       Punch             |     4 |     2 |     1 |       ||     7
       Dagger            |       |    52 |    16 |       ||    68
       Halberd           |       |       |   347 |    10 ||   357
 Fire: Sling             |       |    20 |       |       ||    20
Throw: Stone             |     1 |     6 |     8 |       ||    15
       Dart              |       |     9 |    10 |       ||    19
 Cast: Freeze            |       |     1 |       |       ||     1
       Frozen Ramparts   |       |     1 |     7 |       ||     8
       Ozocubu's Armour  |       |       |     1 |       ||     1
Evoke: Wand              |     1 |     1 |       |       ||     2
  Use: Scroll            |     1 |     1 |     7 |       ||     9
       Potion            |       |     2 |     1 |     1 ||     4
 Stab: Sleeping          |       |     7 |     8 |       ||    15
Armor: Leather armour    |    16 |     2 |       |       ||    18
       Chain mail        |    98 |     5 |       |       ||   103
       Scale mail        |       |   111 |    33 |       ||   144
       Robe              |       |       |    98 |     5 ||   103
Dodge: Dodged            |    94 |   118 |   174 |     4 ||   390

Table legend: (Time is in decaauts)
 A = Elapsed time spent in this place.
 B = Non-inter-level travel time spent in this place.
 C = Inter-level travel time spent in this place.
 D = Time resting spent in this place.
 E = Time spent auto-exploring this place.
 F = Levels seen in this place.
 G = Mean time per level.
                   A        B        C        D        E       F      G
               +--------+--------+--------+--------+--------+-----+--------+
         Total |   9777 |   9214 |    563 |    958 |   5541 |   9 | 1086.3 |
       Dungeon |   8710 |   8147 |    563 |    897 |   4946 |   8 | 1088.8 |
         Sewer |   1067 |   1067 |      0 |     61 |    595 |   1 | 1067.0 |
               +--------+--------+--------+--------+--------+-----+--------+

Top non-repeatable levels by time:
     D:6: 1726 daAuts
     D:4: 1295 daAuts
     D:3: 1221 daAuts
     D:7: 1183 daAuts
   Sewer: 1067 daAuts
     D:2: 1001 daAuts
     D:1: 979 daAuts
     D:5: 953 daAuts
     D:8: 348 daAuts
